 Dungeon Crawl Stone Soup version 0.28.0-53-g5a82cb258f (webtiles) character file.

Game seed: 1954109192644769495

319 Agrostarius the Skirmisher (level 6, -4/56 HPs)
             Began as a Minotaur Berserker on July 19, 2022.
             Was a Believer of Trog.
             Slain by an orc
             ... wielding a +0 scythe
              (9 damage)
             ... on level 4 of the Dungeon.
             The game lasted 00:05:35 (2740 turns).

Agrostarius the Skirmisher (Minotaur Berserker)     Turns: 2740, Time: 00:05:35

Health: -4/56      AC:  7    Str: 23    XL:     6   Next: 21%
Magic:  5/5        EV: 12    Int:  4    God:    Trog [**....]
Gold:   128        SH:  0    Dex: 10    Spells: 5/5 levels left

rFire   . . .      SeeInvis .   l - +3 falchion
rCold   . . .      Faith    .   (no shield)
rNeg    . . .      Spirit   .   p - +0 ring mail
rPois   .          Reflect  .   (helmet restricted)
rElec   .          Harm     .   (no cloak)
rCorr   .          Rampage  .   (no gloves)
Will    .....                   g - +0 pair of boots
Stlth   ..........              (no amulet)
HPRegen 0.18/turn               (no ring)
MPRegen 0.09/turn               (no ring)

@: no status effects
A: horns 2, retaliatory headbutt
a: Renounce Religion, Berserk, Trog's Hand


You were on level 4 of the Dungeon.
You worshipped Trog.
Trog was pleased with you.
You visited 1 branch of the dungeon, and saw 4 of its levels.

You collected 128 gold pieces.

Inventory:

Hand Weapons
 a - a +0 hand axe
 c - a +0 shortbow
 e - a +2 dagger of protection
 l - a +3 falchion (weapon)
Missiles
 q - 2 boomerangs (quivered)
Armour
 b - a +0 animal skin
 g - a +0 pair of boots (worn)
 o - a +0 leather armour
 p - a +0 ring mail (worn)
Wands
 k - a wand of paralysis (9)
Scrolls
 d - a scroll of identify {unknown}
 h - a scroll of amnesia {unknown}
 i - a scroll of summoning {unknown}
 m - a scroll of enchant weapon {unknown}
Potions
 f - 2 potions of lignification {unknown}
 j - a potion of magic {unknown}
 n - a potion of attraction {unknown}


   Skills:
 + Level 5.2 Fighting
 - Level 1.4(2.1) Short Blades
 + Level 2.5(2.8) Long Blades
 - Level 3.8 Axes
 + Level 4.4 Armour
 + Level 4.0 Dodging


You had 5 spell levels left.
You didn't know any spells.
Your spell library contained the following spells:

 Spells                   Type           Power      Damage    Failure   Level
 Corpse Rot               Necr/Air       0%         N/A       78%         2
 Poisonous Vapours        Pois/Air       0%         N/A       78%         2


Dungeon Overview and Level Annotations

Branches:
Dungeon (4/15)
 Temple: D:4-7

Altars:
Hepliaklqana
Xom

Shops:
D:2 *


Innate Abilities, Weirdness & Mutations

You have a pair of horns on your head.
You reflexively headbutt those who attack you in melee.


Message History

You are too injured to fight recklessly!
You are too injured to fight recklessly!
You are too injured to fight recklessly!
You are too injured to fight recklessly!
You are too injured to fight recklessly!
You are too injured to fight recklessly!
You are too injured to fight recklessly!
You are too injured to fight recklessly!
You are too injured to fight recklessly!
You are too injured to fight recklessly!
You are too injured to fight recklessly!
You are too injured to fight recklessly!
You are too injured to fight recklessly!
You are too injured to fight recklessly!
You are too injured to fight recklessly!
You are too injured to fight recklessly!
You are too injured to fight recklessly!
Unknown command.
You fail to use your ability.
The hobgoblin hits you from afar with a +0 scythe!
* * * LOW HITPOINT WARNING * * *
The orc misses you. The hobgoblin closely misses you.
You closely miss the hobgoblin.
The hobgoblin hits you but does no damage.
The orc barely misses you. The hobgoblin closely misses you.
You furiously retaliate!
You headbutt the hobgoblin. You slash the hobgoblin!
You kill the hobgoblin!
Trog accepts your kill. The hobgoblin closely misses you.
The orc hits you but does no damage. The hobgoblin closely misses you.
The orc closely misses you.
You hit the orc.
The orc is almost dead.
The hobgoblin hits you with a +0 scythe.
* * * LOW HITPOINT WARNING * * *
The orc closely misses you.
You barely miss the orc.
The orc is almost dead.
The hobgoblin closely misses you. The orc hits you with a +0 scythe!
You die...

....... #....# .......
#....# ....... #....#
####### #....# #
#....# #### # ##....#
....## #
###.....#####.....# #
#...#.......g.....# #
#.###.....)@o.....#
######.#
#............##
...##..#
#.........#.##
...##..###...........#
...##..............###
.......#.#.........#
..###......#########
..# ##.##### ### #.#


You could see an orc and a hobgoblin.

Vanquished Creatures
  A phantom (D:4)
  A howler monkey (D:4)
  An orc priest (D:4)
  2 iguanas (D:4)
  An orc wizard (D:4)
  3 gnolls (D:2)
  An adder (D:4)
  A worm (D:2)
  2 dart slugs
  8 orcs
  5 bats
  4 endoplasms
  A giant cockroach (D:1)
  5 hobgoblins
  A quokka (D:1)
  4 ball pythons
  2 frilled lizards
  4 goblins
  7 kobolds
  2 rats
56 creatures vanquished.

Vanquished Creatures (others)
  11 plants
11 creatures vanquished.

Grand Total: 67 creatures vanquished

Notes
Turn   | Place    | Note
-------+----------+-------------------------------------------
     0 | D:1      | Agrostarius the Minotaur Berserker began the quest for the
                  | Orb.
     0 | D:1      | Reached XP level 1. HP: 19/19 MP: 0/0
   688 | D:1      | Reached XP level 2. HP: 5/27 MP: 1/1
  1132 | D:1      | You fall into a shaft and drop 1 floor!
  1229 | D:2      | Found Bodamnun's Assorted Antiques.
  1338 | D:2      | Reached skill level 4 in Fighting
  1341 | D:2      | Reached skill level 1 in Short Blades
  1341 | D:2      | Reached XP level 3. HP: 33/33 MP: 2/2
  1601 | D:2      | Reached ** piety under Trog
  1779 | D:3      | Reached XP level 4. HP: 40/40 MP: 3/3
  2321 | D:4      | Reached skill level 1 in Long Blades
  2363 | D:4      | Reached XP level 5. HP: 42/47 MP: 4/4
  2379 | D:4      | Found a hazy altar of Hepliaklqana.
  2434 | D:4      | Reached skill level 5 in Fighting
  2655 | D:4      | Found a shimmering altar of Xom.
  2679 | D:4      | Noticed a phantom
  2687 | D:4      | Killed a phantom
  2688 | D:4      | Reached XP level 6. HP: 50/56 MP: 5/5
  2740 | D:4      | Slain by an orc

Illustrated notes

Levels and vault maps discovered:
D:1:      dpeg_arrival_houses_and_road, layout_loops_cross
D:2:      layout_rooms, serial_shops, nicolae_shop_overgrown_old_shop
D:3:      layout_rooms, minmay_goblin_outpost, uniq_sigmund
D:4:      layout_rooms, nicolae_hepliaklqana_hazy_memory,
          nicolae_overflow_crystal_walls, hangedman_decor_points, sigmund_army

Skill      XL: |  1  2  3  4  5 |
---------------+----------------+-----
Fighting       | 4 5 |  5.2
Armour         | 3 4 |  4.4
Short Blades   | 1 |  1.4
Dodging        | 3 4 |  4.0
Long Blades    | 1 2 |  2.5
Axes           | |  3.8

Action                   |  1- 3 |  4- 6 || total
-------------------------+-------+-------++-------
Melee: Hand axe          |    33 |       ||    33
       Headbutt          |    10 |     8 ||    18
       Dagger            |    49 |     4 ||    53
       Punch             |     1 |     2 ||     3
       Falchion          |       |    50 ||    50
Invok: Trog's Hand       |       |     1 ||     1
Armor: Animal skin       |    24 |     2 ||    26
       Ring mail         |       |    19 ||    19
       Leather armour    |       |     2 ||     2
Dodge: Dodged            |    49 |    48 ||    97
